 Dungeon Crawl Stone Soup version 0.24-a0-333-g864f2b5 (webtiles) character file.

Game seed: 8125837349895281751

10213 MisterFreud the Grappler (level 11, -6/105 HPs)
             Began as a Troll Monk on May 17, 2019.
             Was a High Priest of Okawaru.
             Mangled by a black mamba (10 damage)
             ... on level 2 of the Lair of Beasts.
             The game lasted 00:17:35 (8044 turns).

MisterFreud the Grappler (Troll Monk)               Turns: 8044, Time: 00:17:36

Health: -6/105     AC:  6    Str: 24    XL:     11   Next: 33%
Magic:  13/13      EV: 14    Int:  8    God:    Okawaru [*****.]
Gold:   454        SH:  9    Dex: 14    Spells: 10/10 levels left

rFire    . . .     SeeInvis +     - Unarmed
rCold    + . .     Gourm    +   k - +0 shield
rNeg     . . .     Faith    .   a - +0 robe
rPois    .         Spirit   .   (helmet restricted)
rElec    .         Reflect  .   (no cloak)
rCorr    .         Harm     .   (gloves unavailable)
MR       .....                  (boots unavailable)
Stlth    ++........             (no amulet)
HPRegen  0.67/turn              j - ring of see invisible
MPRegen  0.13/turn              g - ring of Qerphuth {+Fly rC+ Int+2 Dex+2}

@: lethally poisoned (-6 -> -8)
A: large, unfitting armour, claws 3, fast metabolism 3, gourmand, regeneration
1, shaggy fur 1, tough skin 3
a: Heroism, Finesse, Renounce Religion, Evoke Flight


You were on level 2 of the Lair of Beasts.
You worshipped Okawaru.
Okawaru was extremely pleased with you.
You were very full.

You visited 3 branches of the dungeon, and saw 12 of its levels.

You collected 454 gold pieces.

Inventory:

Missiles
 d - 340 stones (quivered)
 u - 3 boomerangs
 A - 5 silver javelins
Armour
 a - a +0 robe (worn)
 k - a +0 shield (worn)
Jewellery
 c - an uncursed ring of positive energy
 g - the ring of Qerphuth (right claw) {+Fly rC+ Int+2 Dex+2}
   (You found it on level 1 of the Lair of Beasts)

   [ring of flight]

   It affects your intelligence (+2).
   It affects your dexterity (+2).
   It protects you from cold.
   It lets you fly.
 j - a ring of see invisible (left claw)
 m - an uncursed ring of resist corrosion
Wands
 e - a wand of polymorph (8)
 p - a wand of flame (54)
 C - a wand of iceblast (7)
 G - a wand of acid (12)
Scrolls
 f - 4 scrolls of remove curse
 h - a scroll of blinking
 n - 3 scrolls of teleportation
 s - 3 scrolls of amnesia
 y - a scroll of fog
 z - a scroll of fear
 F - a scroll of magic mapping
Potions
 i - a potion of cancellation
 q - a potion of mutation
 r - 2 potions of brilliance
 v - a potion of invisibility
 w - 3 potions of curing
 x - 2 potions of haste
 E - a potion of magic {unknown}
Miscellaneous
 D - a phial of floods
Comestibles
 b - 20 rations


   Skills:
 - Level 6.0 Fighting
 + Level 2.4 Throwing
 - Level 10.0 Dodging
 - Level 1.0 Stealth
 - Level 4.1 Shields
 - Level 10.1 Unarmed Combat
 - Level 4.0 Invocations


You had 10 spell levels left.
You didn't know any spells.
Your spell library was empty.

Dungeon Overview and Level Annotations

Branches:
Dungeon (8/15)             Temple (1/1) D:5            Lair (3/6) D:8
  Swamp (0/4) Lair:2       Spider (0/4) Lair:2

Altars:
Dithmenos
Elyvilon
Fedhas
Gozag
Makhleb
Okawaru
Ru
Trog
Uskayaw
Vehumet
Xom
The Shining One


Innate Abilities, Weirdness & Mutations

You are too large for most types of armour.
You have claws for hands.
Your metabolism is lightning-fast.
You like to eat raw meat.
Your natural rate of healing is unusually fast.
You are covered in fur. (AC +1)
You have extremely tough skin. (AC +3)


Message History

The black mamba bites you.
* * * LOW HITPOINT WARNING * * *
The black mamba bites you.
* * * LOW HITPOINT WARNING * * *
You are poisoned.
The black mamba poisons you!
You closely miss the black mamba.
The black mamba is severely wounded.
You feel sick. You block the black mamba's attack.
You barely miss the black mamba.
The black mamba is severely wounded.
You feel sick. The black mamba misses you. The black mamba closely misses you.
You barely miss the black mamba.
The black mamba is severely wounded.
You feel sick. The black mamba bites you!
* * * LOW HITPOINT WARNING * * *
You scratch the black mamba.
The black mamba is almost dead.
You feel sick. The black mamba bites you!
You die...

.....P######## ##..............
#.....PP#.##.## ##P..............
......)...##..###P..............#
........##..####................#
........##>.#####..............##
..........##..##..............##
........#.##.###.............##
............................##
................@[.........## #
................S........### #
........................## #
.......>.................# #
................#.......## ##
........................# #.
................###.....## ###.
................##.......#####...
................###......##.....#


You could see a black mamba.

Vanquished Creatures
  4 elephants (Lair:2)
  4 spiny frogs
  A spiny frog (shapeshifter) (Lair:2)
  A polar bear (Lair:2)
  8 blink frogs
  4 hippogriffs
  Grinder (D:6)
  4 yaks (Lair:2)
  A wyvern (Lair:3)
  2 basilisks (Lair:1)
  Menkaure (D:5)
  Edmund (D:5)
  4 water moccasins
  4 porcupines
  3 black bears (Lair:2)
  4 ogres
  6 crocodiles
  Blork the orc (D:5)
  10 bullfrogs
  A water moccasin skeleton (D:6)
  2 scorpions (D:6)
  A water moccasin zombie (D:6)
  A howler monkey (D:7)
  A centaur zombie (D:8)
  A crimson imp (D:5)
  5 jellies
  A centaur skeleton (D:5)
  A gnoll shaman (D:5)
  A hound (D:6)
  3 orc wizards
  2 iguanas
  6 worker ants
  A hound zombie (D:7)
  A hound skeleton (D:7)
  A howler monkey zombie (D:7)
  A worker ant zombie (D:7)
  7 gnolls
  5 adders
  2 shadow imps
  An adder zombie (D:5)
  2 worms
  A dart slug (D:4)
  3 leopard geckos
  15 orcs
  3 ball pythons
  5 bats
  3 giant cockroaches
  7 goblins
  7 hobgoblins
  3 quokkas
  2 jackal skeletons
  A jackal zombie (D:6)
  7 kobolds
  A quokka zombie (D:5)
  6 rats
175 creatures vanquished.

Vanquished Creatures (others)
  A fungus (Lair:1)
  A plant (Lair:1)
2 creatures vanquished.

Grand Total: 177 creatures vanquished

Notes
Turn   | Place    | Note
-------+----------+-------------------------------------------
     0 | D:1      | MisterFreud the Troll Monk began the quest for the Orb.
     0 | D:1      | Reached XP level 1. HP: 22/22 MP: 0/0
   146 | D:1      | Reached XP level 2. HP: 29/29 MP: 1/1
   801 | D:2      | Reached XP level 3. HP: 34/36 MP: 2/2
  1962 | D:4      | Found a shadowy altar of Dithmenos.
  2060 | D:4      | Reached XP level 4. HP: 41/44 MP: 3/3
  2066 | D:4      | Reached skill level 1 in Shields
  2066 | D:4      | Reached skill level 5 in Unarmed Combat
  2079 | D:4      | Found a bloodstained altar of Trog.
  2080 | D:4      | Found a hide-covered altar of Uskayaw.
  2080 | D:4      | Found a shimmering altar of Xom.
  2171 | D:4      | Found a glowing golden altar of the Shining One.
  2247 | D:4      | Reached XP level 5. HP: 23/50 MP: 4/4
  2424 | D:4      | Noticed an ogre
  2432 | D:4      | Killed an ogre
  2772 | D:5      | Entered Level 5 of the Dungeon
  2772 | D:5      | Found a radiant altar of Vehumet.
  2774 | D:5      | Noticed an ogre
  2786 | D:5      | Reached XP level 6. HP: 44/59 MP: 5/5
  2905 | D:5      | Found a burning altar of Makhleb.
  2906 | D:5      | Found a radiant altar of Vehumet.
  2940 | D:5      | Noticed Menkaure
  2951 | D:5      | Killed Menkaure
  2951 | D:5      | Reached XP level 7. HP: 10/66 MP: 6/6
  3106 | D:5      | Noticed Blork the orc
  3125 | D:5      | Noticed Edmund
  3154 | D:5      | Killed Edmund
  3176 | D:5      | Killed Blork the orc
  3397 | D:5      | Found a staircase to the Ecumenical Temple.
  3416 | Temple   | Entered the Ecumenical Temple
  3437 | Temple   | Became a worshipper of Warmaster Okawaru
  3437 | Temple   | Reached * piety under Okawaru
  3437 | Temple   | Reached ** piety under Okawaru
  3704 | D:6      | Found a sacrificial altar of Ru.
  3705 | D:6      | Noticed Grinder
  3709 | D:6      | Paralysed by Grinder for 6 turns
  3717 | D:6      | Reached skill level 1 in Invocations
  3721 | D:6      | Paralysed by Grinder for 6 turns
  3731 | D:6      | Killed Grinder
  3731 | D:6      | Reached XP level 8. HP: 51/74 MP: 6/8
  4596 | D:7      | Noticed a hippogriff
  4599 | D:7      | Reached *** piety under Okawaru
  4599 | D:7      | Reached skill level 5 in Dodging
  4606 | D:7      | Killed a hippogriff
  4659 | D:7      | Noticed a hippogriff
  4665 | D:7      | Killed a hippogriff
  4665 | D:7      | Reached XP level 9. HP: 77/80 MP: 11/11
  5621 | D:8      | Found a staircase to the Lair.
  5629 | Lair:1   | Entered Level 1 of the Lair of Beasts
  5629 | Lair:1   | Noticed a spiny frog
  5631 | Lair:1   | Reached **** piety under Okawaru
  5798 | Lair:1   | Got a shimmering golden ring
  5800 | Lair:1   | Identified the ring of Qerphuth {+Fly rC+ Int+2 Dex+2} (You
                  | found it on level 1 of the Lair of Beasts)
  5836 | Lair:1   | Reached skill level 10 in Unarmed Combat
  6171 | Lair:1   | Killed a spiny frog
  6179 | Lair:1   | Noticed a spiny frog
  6183 | Lair:1   | Killed a spiny frog
  6183 | Lair:1   | Received a gift from Okawaru
  6183 | Lair:1   | Reached XP level 10. HP: 88/94 MP: 12/12
  6187 | Lair:1   | Reached ***** piety under Okawaru
  6217 | Lair:1   | You fall through a shaft!
  6259 | Lair:2   | Reached skill level 5 in Fighting
  6374 | Lair:2   | Noticed a spiny frog
  6382 | Lair:2   | Killed a spiny frog
  6549 | Lair:2   | Noticed an elephant
  6549 | Lair:2   | Noticed an elephant
  6549 | Lair:2   | Noticed an elephant
  6551 | Lair:2   | Noticed an elephant
  6577 | Lair:2   | Killed an elephant
  6585 | Lair:2   | Killed an elephant
  6588 | Lair:2   | Killed an elephant
  6592 | Lair:2   | Killed an elephant
  6592 | Lair:2   | Received a gift from Okawaru
  6593 | Lair:2   | Found the +3 sling "Punk" {acid, rCorr}
  6670 | Lair:2   | Found a staircase to the Swamp.
  6695 | Lair:2   | Noticed a spiny frog
  6699 | Lair:2   | Killed a spiny frog
  6699 | Lair:2   | Reached XP level 11. HP: 97/105 MP: 13/13
  6708 | Lair:2   | Noticed an orb spider
  6712 | Lair:2   | Found a hole to the Spider Nest.
  6719 | Lair:2   | an orb spider changed into a shapeshifter
  7503 | Lair:3   | Found a radiant altar of Vehumet.
  7722 | Lair:3   | Reached skill level 10 in Dodging
  7741 | Lair:3   | Reached skill level 1 in Throwing
  8014 | Lair:3   | Noticed a four-headed hydra
  8034 | Lair:2   | HP: 4/105 [poisoned by a black mamba]
  8043 | Lair:2   | HP: 5/105 [black mamba (16)]
  8044 | Lair:2   | Mangled by a black mamba

Levels and vault maps discovered:
D:1:      lemuel_arrival_hallway, layout_basic
D:2:      layout_basic
D:3:      layout_loops_ring
D:4:      layout_loops_ring, old_standard_altar,
          gammafunk_temple_overflow_forgotten, nicolae_dithmenos_the_darkroom,
          first_ration, serial_bayou_lake_a
D:5:      layout_basic, grunt_temple_overflow_lords_of_destruction,
          minmay_temple_entry_trees, serial_rivers,
          chequers_serial_rivers_small_3, chequers_serial_rivers_room_b,
          chequers_serial_rivers_small_a, chequers_serial_rivers_micro_c,
          chequers_serial_rivers_small_b, chequers_serial_rivers_micro_d,
          minmay_stone_trees_medium, vehumet_altar_wand_db, uniq_blork_the_orc,
          uniq_menkaure, uniq_edmund
D:6:      layout_loops_corners, nicolae_ru_sacrificial_ziggurat, minivault_27,
          hex_large, uniq_grinder
D:7:      layout_layer_cave
D:8:      layout_rooms, lair_entry_dummy, basic_altar
Temple:   nicolae_temple_god_jail
Lair:1:   layout_roguey, uniq_urug, uniq_joseph
Lair:2:   beast_lair_carwin_large_2, layout_cave_pods, swamp_mist,
          nicolae_spider_entry_orb_guardian, st_stairs_7, lemuel_fruit_tree
Lair:3:   layout_long_grid, basic_altar, lemuel_fruit_fields

Skill      XL: |  1  2  3  4  5  6  7  8  9 10 11 |
---------------+----------------------------------+-----
Unarmed Combat | 4 5 6 7 10 | 10.1
Shields        | 1 2 3 4 |  4.1
Dodging        | 3 6 9 10 | 10.0
Invocations    | 2 4 |  4.0
Fighting       | 4 6 |  6.0
Throwing       | 2 |  2.4
Stealth        | |  1.0

Action                   |  1- 3 |  4- 6 |  7- 9 | 10-12 || total
-------------------------+-------+-------+-------+-------++-------
Melee: Unarmed           |    91 |    74 |   276 |   184 ||   625
Throw: Stone             |       |       |     4 |       ||     4
       Boomerang         |       |       |     1 |       ||     1
Invok: Heroism           |       |       |     2 |     2 ||     4
Evoke: Wand              |       |       |       |     5 ||     5
  Use: Scroll            |     9 |       |     4 |     7 ||    20
       Potion            |       |       |     1 |     2 ||     3
 Stab: Sleeping          |     6 |       |     5 |       ||    11
  Eat: Chunk             |    18 |    12 |    27 |    22 ||    79
Armor: Robe              |    30 |     7 |    46 |    18 ||   101
       Skin              |       |       |     3 |       ||     3
Dodge: Dodged            |    31 |     9 |    71 |    89 ||   200
Block: Shield            |     1 |    24 |   108 |    86 ||   219

Table legend:
 A = Non-vault XP
 B = Vault XP
 C = Vault XP percentage of total XP
 D = Non-vault monster count
 E = Vault monster count
 F = Vault count percentage of total count
                 A         B        C        D         E       F
            +---------+---------+-------+---------+---------+-------
      Total |   12701 |    1889 |  12.9 |     163 |      12 |   6.9
            +---------+---------+-------+---------+---------+-------
        D:1 |      28 |       0 |   0.0 |      17 |       0 |   0.0
        D:2 |      32 |       0 |   0.0 |      12 |       0 |   0.0
        D:3 |      19 |       0 |   0.0 |      10 |       0 |   0.0
        D:4 |     281 |       0 |   0.0 |      15 |       0 |   0.0
        D:5 |     360 |     477 |  57.0 |      19 |       5 |  20.8
        D:6 |     745 |     258 |  25.7 |      20 |       1 |   4.8
        D:7 |    1250 |       0 |   0.0 |      20 |       0 |   0.0
        D:8 |     164 |       0 |   0.0 |       6 |       0 |   0.0
     Lair:1 |    2333 |       0 |   0.0 |      13 |       0 |   0.0
     Lair:2 |    5614 |    1154 |  17.1 |      22 |       6 |  21.4
     Lair:3 |    1875 |       0 |   0.0 |       9 |       0 |   0.0
            +---------+---------+-------+---------+---------+-------
